Map: [ESL] Waterfall

Players

Nice - Winner!

  • Race: Protoss Protoss
  • Spawn Location: 1:00

ButAlways

  • Race: Protoss Protoss
  • Spawn Location: 7:00

Event: DreamHack SC2 Masters 2022 Atlanta (Online)

VOD

Have the link to the VOD?

Description

Time

  • Played on: Sept. 28, 2022, 8:19 a.m.
  • Length: 5:04

All games in this series

Show
View Real Time Build Order
Export as new Build Order

Nice Protoss - Winner!

Build Orders:  

Get SALT Encoding   

  12  0:00  Probe  
  13  0:12  Probe  
  14  0:17  Pylon  
  14  0:24  Probe (Chrono Boost)  
  15  0:36  Gateway  
  15  0:37  Probe (Chrono Boost)  
  15  0:42  Probe (Chrono Boost)  
  16  0:47  Assimilator  
  17  0:53  Probe  
  17  0:55  Assimilator  
  18  1:05  Probe (Chrono Boost)  
  19  1:11  Gateway  
  19  1:15  Probe (Chrono Boost)  
  20  1:20  Probe (Chrono Boost)  
  20  1:24  Cybernetics Core  
  21  1:32  Probe  
  22  1:41  Pylon  
  22  1:44  Probe  
  23  1:52  Pylon  
  24  2:02  Warp Gate (Chrono Boost), Stalker x2  
  27  2:11  Pylon  
  27  2:18  Pylon  
  27  2:32  Stalker x2  
  31  2:46  Gateway  
  31  2:57  Stargate  
  31  3:07  Probe  
  27  3:34  Shield Battery  
  27  3:37  Pylon  
  27  3:38  Adept x2  
  27  3:40  Adept  
  37  3:50  Void Ray  
  37  3:59  Shield Battery  
  37  4:06  Sentry  
  39  4:29  Stalker  
  39  4:30  Zealot  
Show
View Real Time Build Order
Export as new Build Order

ButAlways Protoss 

Build Orders:  

Get SALT Encoding   

  12  0:00  Probe  
  13  0:12  Probe  
  14  0:17  Pylon  
  14  0:24  Probe (Chrono Boost)  
  15  0:37  Probe (Chrono Boost)  
  15  0:39  Gateway  
  16  0:45  Probe (Chrono Boost)  
  16  0:49  Assimilator  
  17  0:51  Probe  
  17  0:56  Assimilator  
  18  1:03  Probe (Chrono Boost)  
  19  1:12  Gateway, Probe (Chrono Boost)  
  19  1:17  Probe (Chrono Boost)  
  21  1:28  Cybernetics Core  
  21  1:29  Probe  
  22  1:37  Pylon  
  22  1:41  Probe  
  23  2:04  Warp Gate, Stalker x2  
  27  2:13  Robotics Facility  
  27  2:34  Stalker x2  
  31  2:43  Pylon  
  31  2:44  Pylon  
  31  3:01  Immortal (Chrono Boost)  
  34  3:13  Stalker  
  34  3:14  Stalker  
  36  3:29  Warp Prism (Chrono Boost)  
  36  3:38  Gateway  
  36  3:45  Pylon  
  36  3:56  Stalker  
  36  3:58  Observer  
  34  4:15  Stalker  
  35  4:19  Stalker  
Tags
 
Add a new tag
Caveats
  • Supply blocks, unpowered buildings, or Contaminate may cause inaccurate times.
  • Supply counts are checked every 10 seconds.